 Dungeon Crawl Stone Soup version 0.28.0-53-g5a82cb258f (webtiles) character file.

Game seed: 8941070648976496896

23 DemonSlayer the Firebug (level 2, -1/19 HPs)
             Began as a Demonspawn Fire Elementalist on Aug 1, 2022.
             Slain by a worm (9 damage)
             ... on level 2 of the Dungeon.
             The game lasted 00:03:49 (1334 turns).

DemonSlayer the Firebug (DsFE)                      Turns: 1334, Time: 00:03:49

Health: -1/19      AC:  4    Str:  8    XL:     2   Next: 75%
Magic:  1/5        EV: 12    Int: 16    God:
Gold:   9          SH:  0    Dex: 13    Spells: 2/5 levels left

rFire   . . .      SeeInvis .   k - +0 short sword
rCold   . . .      Faith    .   (no shield)
rNeg    . . .      Spirit   .   b - +0 robe
rPois   .          Reflect  .   (no helmet)
rElec   .          Harm     .   j - +0 cloak
rCorr   .          Rampage  .   i - +0 pair of gloves
Will    .....                   (no boots)
Stlth   ++........              (no amulet)
HPRegen 0.06/turn               (no ring)
MPRegen 0.09/turn               (no ring)

@: very slightly contaminated
A: demonic touch 1
a: no special abilities


You were on level 2 of the Dungeon.
You visited 1 branch of the dungeon, and saw 2 of its levels.

You collected 9 gold pieces.

Inventory:

Hand Weapons
 f - a +0 dagger
 k - a +0 short sword (weapon)
Missiles
 a - 5 boomerangs
 d - 56 sling bullets
Armour
 b - a +0 robe (worn)
 i - a +0 pair of gloves (worn)
 j - a +0 cloak (worn)
Scrolls
 g - a scroll of teleportation
 h - a scroll of summoning
Potions
 c - a potion of curing


   Skills:
 + Level 2.0 Dodging
 + Level 1.9 Stealth
 + Level 2.4 Spellcasting
 + Level 1.0 Conjurations
 + Level 3.1 Fire Magic


You had 2 spell levels left.
You knew the following spells:

 Your Spells              Type           Power      Damage    Failure   Level
a - Foxfire               Conj/Fire      32%        2x1d5     9%          1
b - Scorch                Fire           24%        2d6       9%          2

Your spell library contained the following spells:

 Spells                   Type           Power      Damage    Failure   Level
 Conjure Flame            Conj/Fire      8%         6-21      26%         3
 Inner Flame              Hex/Fire       6%         N/A       30%         3
 Ozocubu's Armour         Ice            1%         N/A       52%         3
 Flame Wave               Conj/Fire      8%         2d5       63%         4
 Ozocubu's Refrigeration  Ice            0%         4d5       100%        7


Dungeon Overview and Level Annotations

Branches:
Dungeon (2/15)

Altars:


Innate Abilities, Weirdness & Mutations

Your touch may inflict minor irresistible damage on your foes.


Message History

You start resting.
Your foxfire dissipates! x2
You start resting.
Your foxfire dissipates!
You start resting.
Magic restored.
You start waiting.
A goblin comes into view. It is wielding a +0 club.
A worm comes into view.
Found 17 gold pieces.
You see here a +0 whip.
Found a scroll of teleportation.
Found a stone staircase leading up.
Found 3 gold pieces.
You miscast Scorch.
You are very lightly contaminated with residual magic.
Nothing appears to happen.
The worm closely misses you.
Flames lash the worm.
The worm is heavily wounded.
The worm's fire resistance burns away.
You don't have enough magic to cast this spell.
You don't have enough magic to cast this spell.
You don't have enough magic to cast this spell.
You hit the worm.
The worm is heavily wounded.
The worm bites you!
You hit the worm.
The worm is heavily wounded.
The worm barely misses you.
You hit the worm.
The worm is severely wounded.
The worm bites you.
You are too injured to fight recklessly!
You hit the worm.
The worm is severely wounded.
You hit the worm.
The worm is almost dead.
The worm is no longer more vulnerable to fire.
The worm bites you!
You die...

########....
##.####.#
.......'>...
...#..#.#
########.... .....#.#
..#.g†.<..
##...#.#####.#.##....
..?........#.#.#.....
##......(.....#.#...
#...†(..............
#..@.....)..###.#...
#...#w......####
#...#. #$ #......$#
#####. ...######## .
<... #... +.. #..


You could see a worm.

Vanquished Creatures
  A bat (D:1)
  2 endoplasms (D:1)
  A giant cockroach (D:1)
  3 goblins (D:1)
  3 hobgoblins
  2 quokkas
  3 ball pythons
  2 frilled lizards
  2 kobolds (D:1)
  A rat (D:1)
20 creatures vanquished.

Vanquished Creatures (others)
  61 foxfires
61 creatures vanquished.

Grand Total: 81 creatures vanquished

Notes
Turn   | Place    | Note
-------+----------+-------------------------------------------
     0 | D:1      | DemonSlayer the Demonspawn Fire Elementalist began the
                  | quest for the Orb.
     0 | D:1      | Reached XP level 1. HP: 13/13 MP: 3/3
   543 | D:1      | Gained mutation: Your touch may inflict minor irresistible
                  | damage on your foes. [demonic ancestry]
   543 | D:1      | Reached XP level 2. HP: 19/19 MP: 0/5
   546 | D:1      | Learned a level 2 spell: Scorch
   727 | D:1      | Reached skill level 3 in Fire Magic
  1334 | D:2      | Slain by a worm

Illustrated notes

Levels and vault maps discovered:
D:1:      minmay_arrival_up_and_down, layout_basic, st_stairs_1,
          minmay_misc_feat_doors
D:2:      layout_basic, serial_shops, nicolae_shop_behind_doors

Skill      XL: |  1  2 |
---------------+-------+-----
Dodging        | 2 |  2.0
Fire Magic     | 3 |  3.1
Stealth        | |  1.9
Spellcasting   | |  2.4
Conjurations   | |  1.0

Action                   || total
-------------------------++-------
Melee: Dagger            ||     5
       Short sword       ||     6
Throw: Boomerang         ||     3
 Cast: Foxfire           ||    41
       Scorch            ||     1
  Use: Scroll            ||     3
 Stab: Sleeping          ||     1
Armor: Robe              ||     3
Dodge: Dodged            ||    12
